PAA
MERCER ISLAND SCREAMING EAGLES @ SACRAMENTO WHITECAPS
09/12/2021
 
TOP OF THE 1ST
Mercer Island Screaming Eagles batting - Pitching for Sacramento Whitecaps : RHP Norberto Zacorías
Pitching: RHP Norberto Zacorías
Batting: RHB Juan Alba 0-0: Called Strike
0-1: Foul Ball, location: 2F
0-2: Ball
1-2: Ball
2-2: Ball
3-2: DOUBLE (Groundball, 5L)
Batting: RHB Shawn McCormack 0-0: Swinging Strike
0-1: Ball
1-1: Called Strike
1-2: Ball
2-2: Strikes out swinging
Batting: RHB Enrique Echevarría 0-0: Ball
1-0: Foul Ball, location: 2F
1-1: Ball
2-1: Fly out, F4 (Popup, 4MD)
Batting: RHB Luis Antonio Hernández 0-0: Ball
1-0: Ball
2-0: Ball
3-0: Called Strike
3-1: Called Strike
3-2: Foul Ball, location: 2F
3-2: Ground out 6-3 (Groundball, 6M)
Top of the 1st over - 0 run(s), 1 hit(s), 0 error(s), 1 left on base; Mercer Island 0 - Sacramento 0
BOTTOM OF THE 1ST
Sacramento Whitecaps batting - Pitching for Mercer Island Screaming Eagles : LHP James Scott
Pitching: LHP James Scott
Batting: SHB Valentín Guzmán 0-0: Ball
1-0: Called Strike
1-1: Called Strike
1-2: Ball
2-2: Strikes out swinging
Batting: RHB Bill McCarty 0-0: Ball
1-0: Called Strike
1-1: Ball
2-1: Foul Ball, location: 2F
2-2: Ball
3-2: Strikes out swinging
Batting: RHB Jeffery Campbell 0-0: Ball
1-0: Called Strike
1-1: Called Strike
1-2: Foul Ball, location: 2F
1-2: Ball
2-2: Foul Ball, location: 2F
2-2: Ball
3-2: Foul Ball, location: 2F
3-2: Fly out, F9 (Flyball, 89M)
Bottom of the 1st over - 0 run(s), 0 hit(s), 0 error(s), 0 left on base; Mercer Island 0 - Sacramento 0
TOP OF THE 2ND
Mercer Island Screaming Eagles batting - Pitching for Sacramento Whitecaps : RHP Norberto Zacorías
Batting: RHB Randy Rehling 0-0: Called Strike
0-1: Foul Ball, location: 2F
0-2: Strikes out swinging
Batting: LHB Carlos Medina 0-0: Called Strike
0-1: Foul Ball, location: 2F
0-2: Strikes out looking
Batting: SHB León Estrada 0-0: Ball
1-0: Ball
2-0: Swinging Strike
2-1: SINGLE (Line Drive, 56)
Batting: RHB Ted Cook 0-0: Ball
1-0: Ball
2-0: Swinging Strike
2-1: Ball
Wild Pitch!
León Estrada to second
3-1: Base on Balls
Batting: RHB Alan Rosales 0-0: Called Strike
0-1: Ground out 5-3 (Groundball, 5)
Top of the 2nd over - 0 run(s), 1 hit(s), 0 error(s), 2 left on base; Mercer Island 0 - Sacramento 0
BOTTOM OF THE 2ND
Sacramento Whitecaps batting - Pitching for Mercer Island Screaming Eagles : LHP James Scott
Batting: LHB Jarred Smith 0-0: Called Strike
0-1: Fly out, F8 (Flyball, 8RS)
Batting: LHB Gustavo Cortéz 0-0: Called Strike
0-1: Swinging Strike
0-2: Foul Ball, location: 2F
0-2: Foul Ball, location: 2F
0-2: Ball
1-2: Strikes out looking
Batting: RHB Greg Hart 0-0: Called Strike
0-1: Ball
1-1: Foul Ball, location: 2F
1-2: Ball
2-2: Fly out, F7 (Flyball, 7M)
Bottom of the 2nd over - 0 run(s), 0 hit(s), 0 error(s), 0 left on base; Mercer Island 0 - Sacramento 0
TOP OF THE 3RD
Mercer Island Screaming Eagles batting - Pitching for Sacramento Whitecaps : RHP Norberto Zacorías
Batting: RHB Juan Alba 0-0: Ball
1-0: Called Strike
1-1: Ball
2-1: Called Strike
2-2: Ball
3-2: Foul Ball, location: 2F
3-2: Ground out 4-3 (Groundball, 34)
Batting: RHB Shawn McCormack 0-0: Ball
1-0: Ball
2-0: SOLO HOME RUN (Flyball, 78XD), Distance : 418 ft
Batting: RHB Enrique Echevarría 0-0: DOUBLE (Flyball, 8RM)
Batting: RHB Luis Antonio Hernández 0-0: Foul Ball, location: 2F
0-1: Swinging Strike
0-2: Ball
1-2: SINGLE (Flyball, 78S)
Enrique Echevarría to third
Batting: RHB Randy Rehling 0-0: Ball
1-0: Called Strike
1-1: Swinging Strike
1-2: Ball
2-2: Strikes out swinging
Batting: LHB Carlos Medina 0-0: Ball
1-0: Swinging Strike
1-1: DOUBLE (Line Drive, 78D)
Enrique Echevarría scores
Luis Antonio Hernández to third
Batting: SHB León Estrada 0-0: Ball
1-0: Foul Ball, location: 2F
1-1: Ball
2-1: Ball
3-1: Foul Ball, location: 2F
3-2: Foul Ball, location: 2F
3-2: Strikes out swinging
Top of the 3rd over - 2 run(s), 4 hit(s), 0 error(s), 2 left on base; Mercer Island 2 - Sacramento 0
BOTTOM OF THE 3RD
Sacramento Whitecaps batting - Pitching for Mercer Island Screaming Eagles : LHP James Scott
Batting: RHB Mike Taylor 0-0: Ball
1-0: Ball
2-0: Fly out, F8 (Flyball, 8RM)
Batting: LHB Geremia Napolitano 0-0: Ball
1-0: Foul Ball, location: 2F
1-1: Foul Ball, location: 2F
1-2: Ball
2-2: Fly out, F7 (Flyball, 7LM)
Batting: RHB José Casarreal 0-0: Foul Ball, location: 2F
0-1: Called Strike
0-2: Ball
1-2: Ball
2-2: Ball
3-2: Fly out, F4 (Popup, 34D)
Bottom of the 3rd over - 0 run(s), 0 hit(s), 0 error(s), 0 left on base; Mercer Island 2 - Sacramento 0
TOP OF THE 4TH
Mercer Island Screaming Eagles batting - Pitching for Sacramento Whitecaps : RHP Norberto Zacorías
Batting: RHB Ted Cook 0-0: SINGLE (Line Drive, 5D)
Batting: RHB Alan Rosales 0-0: Ball
1-0: Ball
Wild Pitch!
Ted Cook to second
2-0: SINGLE (Line Drive, 7S)
Ted Cook to third
Batting: RHB Juan Alba 0-0: Ball
1-0: Ball
2-0: Called Strike
2-1: Ball
3-1: DOUBLE (Groundball, 3D)
Ted Cook scores
Alan Rosales to third
Runner from 3rd tries for Home, SAFE, no throw or cutoff
Batting: RHB Shawn McCormack 0-0: Swinging Strike
0-1: Ball
1-1: Ball
2-1: Ground out 5-3 (Groundball, 5S)
Juan Alba to third
Batting: RHB Enrique Echevarría 0-0: Called Strike
0-1: Foul Ball, location: 2F
0-2: Foul Ball, location: 2F
0-2: Strikes out looking
Batting: RHB Luis Antonio Hernández 0-0: Called Strike
0-1: Ball
1-1: Foul Ball, location: 2F
1-2: Foul Ball, location: 2F
1-2: Ground out 4-3 (Groundball, 4)
Top of the 4th over - 2 run(s), 3 hit(s), 0 error(s), 1 left on base; Mercer Island 4 - Sacramento 0
BOTTOM OF THE 4TH
Sacramento Whitecaps batting - Pitching for Mercer Island Screaming Eagles : LHP James Scott
Batting: SHB Valentín Guzmán 0-0: Foul Ball, location: 2F
0-1: Ball
1-1: Ground out 1-3 (Groundball, 15)
Batting: RHB Bill McCarty 0-0: Ball
1-0: Fly out, F5 (Popup, 5DF)
Batting: RHB Jeffery Campbell 0-0: Ball
1-0: Fly out, F9 (Flyball, 89M)
Bottom of the 4th over - 0 run(s), 0 hit(s), 0 error(s), 0 left on base; Mercer Island 4 - Sacramento 0
TOP OF THE 5TH
Mercer Island Screaming Eagles batting - Pitching for Sacramento Whitecaps : RHP Norberto Zacorías
Batting: RHB Randy Rehling 0-0: Called Strike
0-1: Ball
Single, Error in OF, E7, batter to second base
Pitching: LHP Luis Luna
Batting: LHB Carlos Medina 0-0: Swinging Strike
0-1: Ground out 6-3 (Groundball, 6MD)
Randy Rehling to third
Batting: SHB León Estrada 0-0: Called Strike
0-1: Swinging Strike
0-2: Ball
1-2: Ground out 5-3 (Groundball, 56S)
Randy Rehling scores
Batting: RHB Ted Cook 0-0: Ball
1-0: Ball
2-0: Ground out 5-3 (Groundball, 56)
Top of the 5th over - 1 run(s), 1 hit(s), 1 error(s), 0 left on base; Mercer Island 5 - Sacramento 0
BOTTOM OF THE 5TH
Sacramento Whitecaps batting - Pitching for Mercer Island Screaming Eagles : LHP James Scott
Batting: LHB Jarred Smith 0-0: Ground out 4-3 (Groundball, 4)
Batting: LHB Gustavo Cortéz 0-0: Ball
1-0: SINGLE (Groundball, 4MD)
Batting: RHB Greg Hart 0-0: Ball
1-0: SINGLE (Line Drive, 78S)
Gustavo Cortéz to second
Batting: RHB Mike Taylor 0-0: Swinging Strike
0-1: Grounds into double play, 6-4-3 (Groundball, 56)
Bottom of the 5th over - 0 run(s), 2 hit(s), 0 error(s), 1 left on base; Mercer Island 5 - Sacramento 0
TOP OF THE 6TH
Mercer Island Screaming Eagles batting - Pitching for Sacramento Whitecaps : LHP Luis Luna
Batting: RHB Alan Rosales 0-0: Called Strike
0-1: Foul Ball, location: 2F
0-2: Strikes out looking
Batting: RHB Juan Alba 0-0: Called Strike
0-1: Ball
1-1: Ball
2-1: Foul Ball, location: 2F
2-2: Ball
3-2: Foul Ball, location: 2F
3-2: Foul Ball, location: 2F
3-2: Strikes out swinging
Batting: RHB Shawn McCormack 0-0: Ball
1-0: Ball
2-0: Foul Ball, location: 2F
2-1: Ball
3-1: Base on Balls
Batting: RHB Enrique Echevarría 0-0: Swinging Strike
Pickoff Throw to First - Out!
Top of the 6th over - 0 run(s), 0 hit(s), 0 error(s), 0 left on base; Mercer Island 5 - Sacramento 0
BOTTOM OF THE 6TH
Sacramento Whitecaps batting - Pitching for Mercer Island Screaming Eagles : LHP James Scott
Batting: LHB Geremia Napolitano 0-0: Swinging Strike
0-1: Fly out, F6 (Popup, 6S)
Batting: RHB José Casarreal 0-0: Ground out 5-3 (Groundball, 56)
Batting: SHB Valentín Guzmán 0-0: Called Strike
0-1: Foul Ball, location: 2F
0-2: Ball
1-2: Ball
2-2: Ball
3-2: Foul Ball, location: 2F
3-2: Fly out, F7 (Line Drive, 78M)
Bottom of the 6th over - 0 run(s), 0 hit(s), 0 error(s), 0 left on base; Mercer Island 5 - Sacramento 0
TOP OF THE 7TH
Mercer Island Screaming Eagles batting - Pitching for Sacramento Whitecaps : LHP Luis Luna
Batting: RHB Enrique Echevarría 0-0: Foul Ball, location: 2F
0-1: Ball
1-1: Foul Ball, location: 2F
1-2: Hit by Pitch
Batting: RHB Luis Antonio Hernández 0-0: Ball
1-0: Called Strike
1-1: Fly out, F7 (Flyball, 7M)
Batting: RHB Randy Rehling 0-0: SINGLE (Line Drive, 6MD)
Enrique Echevarría to second
Batting: LHB Carlos Medina 0-0: Fly out, F4 (Popup, 4D)
Batting: SHB León Estrada 0-0: Ball
1-0: Swinging Strike
1-1: Ball
2-1: Foul Ball, location: 2F
2-2: Ball
3-2: Fly out, F9 (Flyball, 89M)
Top of the 7th over - 0 run(s), 1 hit(s), 0 error(s), 2 left on base; Mercer Island 5 - Sacramento 0
BOTTOM OF THE 7TH
Sacramento Whitecaps batting - Pitching for Mercer Island Screaming Eagles : LHP James Scott
Batting: RHB Bill McCarty 0-0: Ground out 4-3 (Groundball, 4)
Batting: RHB Jeffery Campbell 0-0: Ball
1-0: Ball
2-0: Ball
3-0: Called Strike
3-1: Ground out 4-3 (Groundball, 4)
Batting: LHB Jarred Smith 0-0: Ground out 1-3 (Groundball, 23)
Bottom of the 7th over - 0 run(s), 0 hit(s), 0 error(s), 0 left on base; Mercer Island 5 - Sacramento 0
TOP OF THE 8TH
Mercer Island Screaming Eagles batting - Pitching for Sacramento Whitecaps : LHP Luis Luna
Batting: RHB Ted Cook 0-0: Ball
1-0: Ball
2-0: Fly out, F5 (Popup, 5F)
Batting: RHB Alan Rosales 0-0: Called Strike
0-1: Ball
1-1: DOUBLE (Line Drive, 78XD)
Batting: RHB Juan Alba 0-0: Called Strike
0-1: Swinging Strike
0-2: Ground out 5-3 (Groundball, 56)
Batting: RHB Shawn McCormack 0-0: Ball
1-0: Ball
2-0: Called Strike
2-1: Foul Ball, location: 2F
2-2: Foul Ball, location: 2F
2-2: Foul Ball, location: 2F
2-2: Ball
3-2: Ground out 5-3 (Groundball, 56)
Top of the 8th over - 0 run(s), 1 hit(s), 0 error(s), 1 left on base; Mercer Island 5 - Sacramento 0
BOTTOM OF THE 8TH
Sacramento Whitecaps batting - Pitching for Mercer Island Screaming Eagles : LHP James Scott
Batting: LHB Gustavo Cortéz 0-0: Called Strike
0-1: Ball
1-1: Foul Ball, location: 2F
1-2: Ball
2-2: Ball
3-2: Base on Balls
Batting: RHB Greg Hart 0-0: Ball
1-0: Called Strike
1-1: Called Strike
1-2: Foul Ball, location: 2F
1-2: Strikes out looking
Batting: RHB Mike Taylor 0-0: Swinging Strike
0-1: Ball
1-1: Foul Ball, location: 2F
1-2: Strikes out swinging
Batting: LHB Geremia Napolitano 0-0: Called Strike
0-1: Fly out, F8 (Popup, 6MD)
Bottom of the 8th over - 0 run(s), 0 hit(s), 0 error(s), 1 left on base; Mercer Island 5 - Sacramento 0
TOP OF THE 9TH
Mercer Island Screaming Eagles batting - Pitching for Sacramento Whitecaps : LHP Luis Luna
Pitching: LHP Evan Koopman
Batting: RHB Enrique Echevarría 0-0: Called Strike
0-1: Ball
1-1: Swinging Strike
1-2: Ball
2-2: Strikes out looking
Batting: RHB Luis Antonio Hernández 0-0: Ball
1-0: Foul Ball, location: 2F
1-1: Ground out 2-3 (Groundball, 25)
Batting: RHB Randy Rehling 0-0: Called Strike
0-1: Fly out, F8 (Flyball, 8LD)
Top of the 9th over - 0 run(s), 0 hit(s), 0 error(s), 0 left on base; Mercer Island 5 - Sacramento 0
BOTTOM OF THE 9TH
Sacramento Whitecaps batting - Pitching for Mercer Island Screaming Eagles : LHP James Scott
Batting: RHB José Casarreal 0-0: Ball
1-0: Ball
2-0: Called Strike
2-1: Foul Ball, location: 2F
2-2: Reached on error, E5 (Groundball, 56)
Batting: SHB Valentín Guzmán 0-0: Grounds into double play, 6-4-3 (Groundball, 6)
Batting: RHB Bill McCarty 0-0: Ball
1-0: Ball
2-0: Ball
3-0: Base on Balls
Pitching: RHP Marcos Mesa
Batting: RHB Jeffery Campbell 0-0: Fly out, F4 (Popup, 4MD)
Bottom of the 9th over - 0 run(s), 0 hit(s), 1 error(s), 1 left on base; Mercer Island 5 - Sacramento 0
This league is powered by Out of the Park Baseball, the baseball management simulation game for PC, Mac and Linux
Friday, January 22nd, 2016 - OOTP Baseball 16.9 Build 39